 Dungeon Crawl Stone Soup version 0.18.1-8-gdd0e5ea (webtiles) character file.

115853 Ijustatesigmund the Champion of Chaos (level 16, -6/146 HPs)
             Began as a Hill Orc Gladiator on May 21, 2016.
             Was the Champion of Makhleb.
             Killed from afar by a shock serpent (14 damage)
             ... with a bolt of electricity
             ... on level 2 of the Snake Pit.
             The game lasted 01:52:16 (29874 turns).

Ijustatesigmund the Champion of Chaos (HOGl)       Turns: 29874, Time: 01:52:17

Health: -6/146     AC: 29    Str: 20    XL:     16   Next: 69%
Magic:  30/30      EV: 17    Int: 14    God:    Makhleb [******]
Gold:   984        SH: 15    Dex: 22    Spells: 0 memorised, 15 levels left

rFire  + . .     SeeInvis .     a - +2 war axe (chop)
rCold  + . .     Gourm    .     p - +1 plate armour "Plog" {rF+ rC+ MR+ Int+3}
rNeg   . . .     Faith    .     g - +0 shield {reflect}
rPois  +         Spirit   .     I - +1 helmet {Int+3}
rElec  .         Dismiss  .     K - +2 cloak {MR+}
rCorr  .         Reflect  +     q - +2 pair of fencer's gloves {LBl+4 SBl+4 EV+3 Dex+6}
SustAt .         Harm     .     j - +2 pair of boots
MR     +++..                    n - +2 amulet of reflection
Stlth  ..........               w - +3 ring of evasion
                                e - ring of poison resistance

@: very slightly contaminated, hasted, studying Invocations, very quick,
extremely resistant to hostile enchantments, extremely unstealthy
A: subdued magic 1
a: Minor Destruction, Lesser Servant of Makhleb, Major Destruction, Greater
Servant of Makhleb, Renounce Religion


You were on level 2 of the Snake Pit.
You worshipped Makhleb.
Makhleb was exalted by your worship.
You were not hungry.

You visited 4 branches of the dungeon, and saw 26 of its levels.
You also visited: Labyrinth, Bailey and Ice Cave.

You collected 2513 gold pieces.
You spent 1529 gold pieces at shops.

Inventory:

Hand Weapons
 a - a +2 war axe of chopping (weapon)
 Q - the +5 battleaxe of the Realm of Zot {venom, rElec SInv}
   (You found it on level 3 of the Lair of Beasts)

   It poisons the flesh of those it strikes.
   It insulates you from electricity.
   It lets you see invisible.
Missiles
 d - 5 throwing nets
 y - 3 poisoned javelins (quivered)
Armour
 g - a +0 shield of reflection (worn)
 j - a +2 pair of boots (worn)
 p - the +1 plate armour "Plog" (worn) {rF+ rC+ MR+ Int+3}
   (You found it in a bailey)

   It affects your intelligence (+3).
   It protects you from fire.
   It protects you from cold.
   It affects your resistance to hostile enchantments.
 q - the +2 pair of fencer's gloves (worn) {LBl+4 SBl+4 EV+3 Dex+6}
   (You bought it in a shop on level 2 of the Orcish Mines)

   It affects your evasion (+3).
   It affects your dexterity (+6).
 r - the +0 chain mail "Hiti Keo" {rN+ Str+5 Int-2 Dex+4}
   (You found it in a bailey)

   It affects your strength (+5).
   It affects your intelligence (-2).
   It affects your dexterity (+4).
   It protects you from negative energy.
 F - a +1 cloak
 I - a +1 helmet of intelligence (worn)
 K - a +2 cloak of magic resistance (worn)
 L - a cursed +0 fire dragon armour
 S - a quicksilver dragon armour
Jewellery
 e - a ring of poison resistance (left hand)
 n - a +2 amulet of reflection (around neck)
 w - a +3 ring of evasion (right hand)
 z - an uncursed ring of protection from fire
 E - a +6 ring of strength
 N - an uncursed ring of protection from magic
 U - the ring "Qucvol" {Wiz rC++}
   (You found it on level 9 of the Dungeon)

   [ring of wizardry]

   It improves your spell success rate.
   It greatly protects you from cold.
Wands
 x - a wand of iceblast (4/15)
 G - a wand of hasting (7/9)
 J - a wand of lightning (6/15)
 O - a wand of disintegration (8/24)
 R - a wand of iceblast (8/15)
 V - a wand of polymorph (10/24)
Scrolls
 h - 5 scrolls of remove curse
 i - a scroll of silence
 l - a scroll of fear
 t - a scroll of immolation
 u - 8 scrolls of teleportation
 v - 3 scrolls of recharging
 B - 2 scrolls of identify
 P - a scroll of amnesia
 Y - a scroll of enchant armour
Potions
 b - 3 potions of heal wounds
 k - 4 potions of magic
 m - 3 potions of agility
 s - 3 potions of ambrosia
 A - 6 potions of lignification
 C - 3 potions of might
 D - 5 potions of brilliance
 H - 7 potions of flight
 X - 5 potions of curing
 Z - 4 potions of haste
Books
 c - a manual of Invocations
 T - a book of Spatial Translocations

   Spells                             Type                      Level
   a - Apportation                    Translocation                1
   b - Blink                          Translocation                2
   c - Shroud of Golubria             Charms/Translocation         2
   d - Portal Projectile              Translocation                3
   e - Teleport Other                 Translocation                3
   f - Passage of Golubria            Translocation                4
Miscellaneous
 M - a legendary deck of summoning {the Illusion}
Comestibles
 f - 9 bread rations
 o - 10 meat rations


   Skills:
 - Level 14.0 Fighting
 - Level 18.2 Axes
 - Level 1.7 Throwing
 - Level 11.6 Armour
 - Level 8.4 Dodging
 - Level 9.7 Shields
 + Level 20.7 Invocations


You had 15 spell levels left.
You didn't know any spells.

Dungeon Overview and Level Annotations

Branches:
Dungeon (14/15)            Temple (0/1) D:6            Lair (8/8) D:10
 Shoals (0/4) Lair:4        Snake (2/4) Lair:6        Slime (0/6) Lair:6
    Orc (2/2) D:12            Elf (0/3) Orc:2        Vaults (0/5) D:13

Altars:
Ashenzari
Cheibriados
Gozag
Kikubaaqudgha
Makhleb
Nemelex Xobeh
Sif Muna
Vehumet
Xom
The Shining One
Beogh
Jiyva

Shops:
D:4 }   D:7 *[**%   D:9 %   D:10 !   D:11 ?   Orc:2 :[?!   Snake:1 [


Innate Abilities, Weirdness & Mutations

Your spells are a little easier to cast, but a little less powerful.


Message History

You assume a fearsome visage.
The shock serpent resists with some effort.
You block the shock serpent's attack.
Read which item? (? for menu, Esc to quit)
As you read the scroll of fear, it crumbles to dust.
You assume a fearsome visage.
The shock serpent looks frightened!
You see here a shield.
The shock serpent hisses angrily.
Read which item? (? for menu, Esc to quit)
You can't read that!
Read which item? (? for menu, Esc to quit)
Blink to where?
Press: ? - help, Dir - move target cursor You are very lightly contaminated with residual magic.
As you read the scroll of blinking, it crumbles to dust.
Drink which item? (? for menu, Esc to quit)
You feel yourself speed up.
The shock serpent shoots out a bolt of lightning at you!
The bolt of electricity hits you!
You die...

...# #..........######..#####.##.
...# #....))..##.#...##...##.##.#
...# #...).#####.####......##.###
#.######.#...##.## #.......###..#
..[.S...#####...# ##......## ##..
#######S## ##.## #..<....# #... #
#..######.# #.......# #...
#ยง.#......###......## ##..
#..S......@......).#### #..
#............#..>..##.###..
#...#####..######.#....##..
##.#######.## ###.......(. ##..#
##....## ##.........##
#####...###......####..........##
..#.....##........##.............
#..#####.#........###............
#..# ##..........##.....>.....#


You could see a shock serpent.

Vanquished Creatures
  Donald (Orc:2)
  A minotaur (Lab)
  The ghost of F1L1N the Fighter, a journeyman MiBe of Trog (D:10)
  3 naga warriors (Snake:2)
  Fannar (D:10)
  A hydra (Lair:4)
  2 centaur warriors
  3 catoblepae
  2 anacondas
  A queen ant (Lair:6)
  25 death yaks
  2 naga sharpshooters (Snake:1)
  2 shock serpents (Snake:1)
  Sonja (Lair:4)
  2 orc high priests
  Nergalle (D:12)
  The ghost of Chiseanne the Covert, a novice SpHu of Okawaru (D:9)
  2 naga ritualists (Snake:2)
  3 unseen horrors
  7 hill giants
  3 orc knights
  Pikel (D:5)
  2 necromancers (D:13)
  A mana viper (Snake:2)
  6 ugly things
  2 salamanders (Snake:1)
  3 deep elf magi
  8 orc sorcerers
  4 griffons
  A centaur zombie (D:11)
  19 black mambas
  4 elephants (Lair:7)
  6 naga magi
  2 ice statues (IceCv)
  A gargoyle (D:11)
  A torpor snail (Lair:5)
  7 spiny frogs
  10 komodo dragons
  A rime drake (Lair:7)
  7 trolls
  Grinder (D:5)
  2 polar bears
  28 blink frogs
  Prince Ribbit (D:5)
  A shadow (D:12)
  2 wyverns
  2 basilisks
  2 wraiths (Lair:5)
  47 yaks
  10 hippogriffs
  6 hungry ghosts
  Menkaure (D:4)
  A steam dragon (Lair:2)
  Grum (D:8)
  7 wargs (Orc:2)
  A mottled dragon (D:12)
  19 nagas
  14 soldier ants (Lair:6)
  Duvessa (D:6)
  20 porcupines
  24 water moccasins
  A swamp drake (D:12)
  25 orc warriors
  5 sky beasts
  12 ice beasts
  2 black bears
  2 phantoms (D:9)
  A wasp (D:12)
  A necrophage (D:13)
  11 ogres
  10 wolves
  13 centaurs
  24 crocodiles
  2 big kobolds
  20 giant frogs
  Dowan (D:6)
  A wyvern skeleton (D:10)
  4 iguanas
  3 scorpions
  A water moccasin skeleton (D:7)
  15 killer bees
  7 electric eels
  11 wights
  A howler monkey (D:9)
  5 crimson imps
  3 giant frog zombies
  7 hounds
  A quasit (D:14)
  A jelly (D:11)
  10 orc priests
  37 orc wizards
  5 centaur skeletons
  6 giant frog skeletons
  2 gnoll shamans
  45 worker ants
  17 sheep
  A giant frog simulacrum (D:11)
  A hound zombie (D:9)
  29 gnolls
  15 adders
  46 river rats
  4 shadow imps
  15 white imps (D:11)
  A worker ant simulacrum (D:11)
  4 ufetubi (D:11)
  An ooze (D:4)
  2 worms (D:3)
  3 dart slugs
  10 giant geckos
  97 orcs
  3 ball pythons (D:4)
  8 giant cockroaches
  19 goblins
  23 hobgoblins
  10 jackals
  27 kobolds
  6 quokkas
  8 bats
  A giant gecko skeleton (D:9)
  3 giant newts
  A quokka zombie (D:9)
  6 rats
  6 fungi
  A plant (Lair:2)
1005 creatures vanquished.

Vanquished Creatures (collateral kills)
  Agnes (Snake:1)
  Maud (D:12)
  Erolcha (D:8)
  Josephine (Lair:5)
  A hydra (Lair:7)
  A catoblepas (Lair:8)
  2 death yaks (Lair:5)
  A hill giant (D:10)
  A griffon (Lair:7)
  2 komodo dragons (Lair:7)
  A troll (Orc:1)
  A blink frog (Lair:5)
  A wraith (Lair:5)
  A hungry ghost (D:9)
  A water moccasin (D:9)
  2 porcupines (D:10)
  2 orc warriors (Orc:1)
  An ice beast (IceCv)
  3 crocodiles
  A wight (D:9)
  A centaur zombie (D:10)
  2 orc priests
  A hound (D:10)
  An iguana (Lair:4)
  7 orc wizards
  A gnoll (Orc:1)
  A white imp (D:11)
  8 orcs
  2 jackals (D:10)
50 creatures vanquished.

Vanquished Creatures (others)
  A slave (D:5)
  A white imp (D:11)
  A bush (D:10)
  20 fungi
  19 plants
42 creatures vanquished.

Grand Total: 1097 creatures vanquished

Notes
Turn   | Place    | Note
--------------------------------------------------------------
     0 | D:1      | Ijustatesigmund the Hill Orc Gladiator began the quest for the Orb.
     0 | D:1      | Reached XP level 1. HP: 18/18 MP: 1/1
   203 | D:1      | Reached XP level 2. HP: 23/25 MP: 2/2
   782 | D:1      | Reached XP level 3. HP: 19/31 MP: 3/3
  1086 | D:2      | Reached skill level 5 in Axes
  1423 | D:2      | Reached XP level 4. HP: 33/40 MP: 4/4
  1781 | D:2      | Found a burning altar of Makhleb.
  1797 | D:2      | Became a worshipper of Makhleb the Destroyer
  1954 | D:2      | Reached XP level 5. HP: 46/46 MP: 5/5
  2110 | D:3      | Reached skill level 1 in Invocations
  2386 | D:3      | Reached skill level 2 in Invocations
  2387 | D:3      | Reached skill level 5 in Fighting
  2387 | D:3      | Reached XP level 6. HP: 30/56 MP: 7/7
  2389 | D:3      | Reached * piety under Makhleb
  2754 | D:4      | Found Tacis's Gadget Shop.
  3030 | D:4      | Reached skill level 3 in Invocations
  3218 | D:4      | Noticed Menkaure
  3231 | D:4      | Killed Menkaure
  3231 | D:4      | Reached skill level 4 in Invocations
  3231 | D:4      | Reached XP level 7. HP: 62/62 MP: 8/10
  3262 | D:4      | Reached ** piety under Makhleb
  3595 | D:5      | Entered Level 5 of the Dungeon
  3641 | D:5      | Reached skill level 5 in Invocations
  3730 | D:5      | Reached XP level 8. HP: 47/71 MP: 11/11
  3763 | D:5      | Noticed Pikel
  3766 | D:5      | Noticed Prince Ribbit
  4161 | D:5      | Noticed Grinder
  4396 | D:6      | Reached skill level 1 in Armour
  4468 | D:6      | Reached skill level 6 in Invocations
  4815 | D:6      | Noticed Duvessa
  4824 | D:6      | Killed Duvessa
  4828 | D:6      | Noticed Dowan
  4843 | D:6      | Killed Dowan
  4843 | D:6      | Reached *** piety under Makhleb
  4874 | D:6      | Reached skill level 7 in Invocations
  4903 | D:6      | Reached XP level 9. HP: 70/81 MP: 14/14
  4981 | D:6      | Found a staircase to the Ecumenical Temple.
  5457 | D:7      | Found Aqiec Icig's Food Boutique.
  5676 | D:7      | Reached **** piety under Makhleb
  5677 | D:7      | Found Qigeg's Assorted Antiques.
  5684 | D:7      | Got a crude whip
  5686 | D:7      | Bought a metallic amethyst potion for 29 gold pieces
  5686 | D:7      | Bought a shiny chain mail for 148 gold pieces
  5802 | D:7      | Reached skill level 8 in Invocations
  5934 | D:7      | Found Mihuethre's Assorted Antiques.
  5940 | D:7      | Bought a yellow potion for 24 gold pieces
  5940 | D:7      | Bought a scroll of identify for 54 gold pieces
  5940 | D:7      | Bought a scroll labeled ARADUI KEIT for 27 gold pieces
  5940 | D:7      | Bought a scroll of identify for 54 gold pieces
  5948 | D:7      | Found Ziulum's Armour Boutique.
  5953 | D:7      | Identified the cursed +0 whip of the Gloaming {slash, Dex+4} (You found it on level 7 of the Dungeon)
  6027 | D:7      | Found a glowing golden altar of the Shining One.
  6027 | D:7      | Found a radiant altar of Vehumet.
  6029 | D:7      | Found a sparkling altar of Nemelex Xobeh.
  6029 | D:7      | Found a shattered altar of Ashenzari.
  6037 | D:7      | Found Jolapn's Assorted Antiques.
  6048 | D:7      | Bought a scroll labeled JYOWKO BEPEC for 28 gold pieces
  6055 | D:7      | Found an opulent altar of Gozag.
  6055 | D:7      | Found a deep blue altar of Sif Muna.
  6071 | D:7      | Found an ancient bone altar of Kikubaaqudgha.
  6139 | D:7      | Reached skill level 9 in Invocations
  6368 | D:8      | Reached skill level 10 in Invocations
  6369 | D:8      | Noticed Grum
  6379 | D:8      | Killed Grum
  6449 | D:8      | Noticed Erolcha
  6461 | D:8      | Killed Erolcha
  6461 | D:8      | Reached skill level 11 in Invocations
  6461 | D:8      | Reached XP level 10. HP: 81/90 MP: 16/18
  6470 | D:8      | Found an opulent altar of Gozag.
  6880 | D:8      | Reached skill level 12 in Invocations
  7034 | D:5      | Reached skill level 10 in Axes
  7048 | D:5      | Killed Prince Ribbit
  7244 | D:5      | Killed Grinder
  7373 | D:5      | Killed Pikel
  7373 | D:5      | Reached skill level 5 in Armour
  7618 | D:5      | Gained mutation: Scrolls take you a little longer to read. [potion of mutation]
  7618 | D:5      | Gained mutation: You are agile. (Dex +2) [potion of mutation]
  7618 | D:5      | Gained mutation: Your muscles are strong. (Str +2) [potion of mutation]
  7619 | D:5      | Lost mutation: You are agile. (Dex +2) [potion of cure mutation]
  7619 | D:5      | Lost mutation: Scrolls take you a little longer to read. [potion of cure mutation]
  7619 | D:5      | Lost mutation: Your muscles are strong. (Str +2) [potion of cure mutation]
  8226 | D:9      | Reached ***** piety under Makhleb
  8298 | D:9      | Reached XP level 11. HP: 99/99 MP: 20/20
  8362 | D:9      | Noticed Chiseanne's ghost (novice SpHu)
  8630 | D:9      | Reached skill level 10 in Fighting
  8896 | D:10     | Entered Level 10 of the Dungeon
  9225 | D:10     | Found Bafeod's Distillery.
  9262 | D:10     | Bought a potion of might for 64 gold pieces
  9342 | D:10     | Found a shimmering altar of Xom.
  9380 | D:10     | Noticed a hill giant
  9574 | D:10     | Killed a hill giant
  9778 | D:10     | Noticed Fannar
  9830 | D:10     | Killed Fannar
  9887 | D:10     | Found a staircase to the Lair.
  9905 | D:10     | Noticed a hill giant
  9918 | D:10     | Killed a hill giant
 10047 | D:10     | Noticed a hill giant
 10054 | D:10     | Killed a hill giant
 10247 | D:11     | Found a frozen archway.
 10269 | IceCv    | Entered an ice cave
 10282 | IceCv    | Reached XP level 12. HP: 102/110 MP: 21/21
 10915 | D:11     | Reached skill level 13 in Invocations
 10996 | D:11     | Reached skill level 15 in Axes
 11200 | D:11     | Found Nubet's Magic Scroll Boutique.
 11216 | D:11     | Bought a scroll of teleportation for 42 gold pieces
 11216 | D:11     | Bought a scroll of identify for 28 gold pieces
 11387 | D:11     | Reached ****** piety under Makhleb
 12023 | D:12     | Noticed Nergalle
 12033 | D:12     | Killed Nergalle
 12088 | D:12     | Reached skill level 1 in Shields
 12190 | D:12     | Found a staircase to the Orcish Mines.
 12302 | D:12     | Noticed Maud
 12317 | D:12     | Killed Maud
 12317 | D:12     | Reached skill level 5 in Shields
 12925 | D:10     | Noticed F1L1N's ghost (journeyman MiBe)
 12942 | D:10     | Killed F1L1N's ghost
 12964 | D:9      | Killed Chiseanne's ghost
 13100 | D:9      | Got a clouded lapis lazuli ring
 13102 | D:9      | Identified the ring "Qucvol" {Wiz rC++} (You found it on level 9 of the Dungeon)
 13162 | D:9      | Found Ruylad's Food Emporium.
 13169 | D:9      | Reached XP level 13. HP: 117/117 MP: 23/23
 14188 | D:13     | Reached skill level 14 in Invocations
 14389 | D:13     | Found a gate to the Vaults.
 15128 | D:14     | Found a flagged portal.
 15194 | Bailey   | Entered a bailey
 15382 | Bailey   | Found an iron altar of Okawaru.
 15824 | Bailey   | Got a topaz-studded plate armour
 15826 | Bailey   | Got a jacinth-encrusted chain mail
 15832 | Bailey   | Identified the cursed +1 plate armour "Plog" {rF+ rC+ MR+ Int+3} (You found it in a bailey)
 15843 | Bailey   | Identified the cursed +0 chain mail "Hiti Keo" {rN+ Str+5 Int-2 Dex+4} (You found it in a bailey)
 16072 | Bailey   | Reached skill level 10 in Armour
 17308 | Orc:1    | Entered Level 1 of the Orcish Mines
 17431 | Orc:2    | Entered Level 2 of the Orcish Mines
 17869 | Orc:2    | Reached XP level 14. HP: 121/127 MP: 24/24
 18306 | Orc:2    | Noticed Donald
 18332 | Orc:2    | Killed Donald
 18384 | Orc:2    | Found Bic Efa's Distillery.
 18384 | Orc:2    | Found Plog's Magic Scroll Shoppe.
 18391 | Orc:2    | Bought a potion of haste for 140 gold pieces
 18391 | Orc:2    | Bought a potion of heal wounds for 70 gold pieces
 18633 | Orc:2    | Found Feuczac's Book Shoppe.
 18654 | Orc:2    | Found Plog's Armour Boutique.
 18677 | Orc:2    | Reached skill level 15 in Invocations
 18701 | Orc:2    | Bought the +2 pair of fencer's gloves {LBl+4 SBl+4 EV+3 Dex+6} for 700 gold pieces
 18744 | Orc:2    | Found a staircase to the Elven Halls.
 18823 | Orc:2    | Found a roughly hewn altar of Beogh.
 19230 | Lair:1   | Entered Level 1 of the Lair of Beasts
 19452 | Lair:1   | Found a snail-covered altar of Cheibriados.
 20930 | Lair:3   | Reached skill level 16 in Invocations
 20951 | Lair:3   | Got a bloodstained battleaxe
 21178 | Lair:3   | Reached skill level 5 in Dodging
 21377 | Lair:3   | Identified the +5 battleaxe of the Realm of Zot {venom, rElec SInv} (You found it on level 3 of the Lair of Beasts)
 22149 | Lair:4   | Found a staircase to the Shoals.
 22178 | Lair:4   | Noticed Sonja
 22182 | Lair:4   | Killed Sonja
 23027 | Lair:5   | Reached XP level 15. HP: 122/137 MP: 27/27
 23094 | Lair:5   | Noticed Josephine
 23102 | Lair:5   | Killed Josephine
 23282 | Lair:5   | Identified Siuwkies's Compendium of Combat Magic and Snow
 23809 | Lair:6   | Found a staircase to the Snake Pit.
 23979 | Lair:6   | Found a viscous altar of Jiyva.
 23979 | Lair:6   | Found a staircase to the Slime Pits.
 24746 | Lair:7   | Found a labyrinth entrance.
 24761 | Lab      | Entered a labyrinth
 25326 | Lab      | Reached skill level 17 in Invocations
 25345 | Lab      | Identified Ikkeenk's Tome of the Noxious Escort (You found it in a labyrinth)
 25954 | Lair:7   | Gained mutation: Your spells are a little easier to cast, but a little less powerful. [mutagenic glow]
 26053 | Lair:8   | Entered Level 8 of the Lair of Beasts
 26602 | Lair:8   | Reached XP level 16. HP: 144/146 MP: 28/28
 27500 | Snake:1  | Entered Level 1 of the Snake Pit
 27579 | Snake:1  | Noticed Agnes
 27590 | Snake:1  | Killed Agnes
 27989 | Snake:1  | Found Qoraez's Antique Armour Emporium.
 27997 | Snake:1  | Bought a glowing cloak for 121 gold pieces
 28107 | Snake:1  | Reached skill level 18 in Invocations
 28955 | Snake:2  | Reached skill level 19 in Invocations
 29250 | Snake:2  | Reached skill level 20 in Invocations
 29858 | Snake:2  | HP: 3/146 [shock serpent/bolt of electricity (7)]
 29874 | Snake:2  | Killed from afar by a shock serpent

Skill      XL: |  1  2  3  4  5  6  7  8  9 10 11 12 13 14 15 16 |
---------------+-------------------------------------------------+-----
Fighting       | 3 4 5 6 8 9 11 12 13 14 | 14.0
Axes           | 5 6 7 8 9 11 14 15 16 17 18 | 18.2
Invocations    | 2 4 5 7 11 12 13 14 16 17 20 | 20.7
Armour         | 3 4 6 7 11 | 11.6
Shields        | 7 8 9 |  9.7
Dodging        | 6 7 8 |  8.4
Throwing       | |  1.7

Action                   |  1- 3 |  4- 6 |  7- 9 | 10-12 | 13-15 | 16-18 || total
-------------------------+-------+-------+-------+-------+-------+-------++-------
Melee: War axe           |   118 |   162 |   426 |   975 |  1825 |   468 ||  3974
Throw: Throwing net      |       |     2 |     4 |     2 |       |     1 ||     9
       Javelin           |       |       |       |       |       |     3 ||     3
Invok: Minor Destruction |       |       |    29 |    42 |    32 |     1 ||   104
       Lesser Servant of |       |       |     1 |    14 |     8 |     1 ||    24
       Greater Servant o |       |       |       |     1 |     3 |       ||     4
       Major Destruction |       |       |       |       |     7 |     3 ||    10
Evoke: Wand              |       |       |       |       |    11 |       ||    11
  Use: Scroll            |     2 |     8 |    11 |    12 |    24 |     4 ||    61
       Potion            |       |       |     1 |    12 |     4 |     2 ||    19
 Stab: Held in net/web   |       |     1 |     1 |       |       |       ||     2
       Distracted        |       |       |       |     3 |     7 |       ||    10
       Petrified         |       |       |       |       |       |     3 ||     3
       Petrifying        |       |       |       |       |       |     2 ||     2
  Eat: Chunk             |     2 |     6 |    13 |    14 |    16 |     5 ||    56
       Pizza             |       |       |     1 |     1 |     2 |       ||     4
       Beef jerky        |       |       |     1 |     8 |     3 |       ||    12
       Meat ration       |       |       |       |     1 |     1 |       ||     2
       Bread ration      |       |       |       |     2 |     3 |     1 ||     6
       Fruit             |       |       |       |       |    11 |     3 ||    14
       Royal jelly       |       |       |       |       |     2 |       ||     2
Armor: Leather armour    |    23 |       |       |       |       |       ||    23
       Ring mail         |    30 |    72 |    28 |       |       |       ||   130
       Chain mail        |       |       |   202 |   497 |    94 |       ||   793
       Plate armour      |       |       |       |       |   450 |   105 ||   555
Dodge: Dodged            |   102 |    95 |   174 |   353 |   589 |   161 ||  1474
Block: Other             |       |     4 |    27 |    31 |       |       ||    62
       Reflection        |       |       |       |     8 |     8 |    25 ||    41
       Buckler           |       |       |       |    39 |   177 |       ||   216
       Shield            |       |       |       |       |   702 |   261 ||   963
